 Dungeon Crawl Stone Soup version 0.18.1-8-gdd0e5ea (webtiles) character file.

536 georgeearnest the Ducker (level 7, -3/60 HPs)
             Began as a Minotaur Gladiator on May 21, 2016.
             Was a Follower of Makhleb.
             Killed from afar by an orc wizard (5 damage)
             ... with a magic dart
             ... on level 4 of the Dungeon.
             The game lasted 00:11:11 (4064 turns).

georgeearnest the Ducker (Minotaur Gladiator)       Turns: 4064, Time: 00:11:12

Health: -3/60      AC: 12    Str: 22    XL:     7   Next: 4%
Magic:  3/6        EV:  8    Int:  5    God:    Makhleb [*.....]
Gold:   101        SH:  0    Dex: 10    Spells: 0 memorised, 6 levels left

rFire  . . .     SeeInvis +     a - +1 war axe
rCold  . . .     Gourm    .     D - +0 plate armour
rNeg   . . .     Faith    .     (no shield)
rPois  .         Spirit   .     c - +0 hat
rElec  .         Dismiss  .     s - +0 cloak
rCorr  .         Reflect  .     (no gloves)
SustAt .         Harm     .     (no boots)
MR     .....                    (no amulet)
Stlth  ..........               h - ring of stealth
                                v - ring of see invisible

@: flying, very slightly contaminated, drained, not resistant to hostile
enchantments, extremely unstealthy
A: retaliatory headbutt, horns 2
a: Renounce Religion


You were on level 4 of the Dungeon.
You worshipped Makhleb.
Makhleb was aware of your devotion.
You were not hungry.

You visited 1 branch of the dungeon, and saw 4 of its levels.

You collected 101 gold pieces.

Inventory:

Hand Weapons
 a - a +1 war axe (weapon)
Missiles
 d - 2 throwing nets (quivered)
Armour
 b - a +0 leather armour
 c - a +0 hat (worn)
 s - a +0 cloak (worn)
 C - a +0 scale mail
 D - a +0 plate armour (worn)
Magical Staves
 H - a cursed staff of death {unknown}
Jewellery
 h - a ring of stealth (right hand)
 m - an uncursed ring of teleportation
 v - a ring of see invisible (left hand)
 x - an uncursed ring of fire
Scrolls
 e - 2 scrolls of identify {unknown}
 i - 3 scrolls of teleportation {unknown}
 l - 2 scrolls of enchant armour {unknown}
 p - 3 scrolls of remove curse
 y - a scroll of magic mapping {unknown}
 B - 2 scrolls of immolation {unknown}
Potions
 g - a potion of might
 j - a potion of haste
 q - a potion of brilliance {unknown}
 u - a potion of degeneration {unknown}
 z - 2 potions of flight
 E - a potion of mutation {unknown}
 F - a potion of heal wounds {unknown}
Comestibles
 f - 3 bread rations
 k - a fruit
 o - 2 meat rations
 t - a beef jerky


   Skills:
 * Level 4.5(3.9) Fighting
 + Level 4.7(4.1) Axes
 * Level 2.9(2.3) Throwing
 + Level 3.9(3.4) Armour
 * Level 5.5(4.9) Dodging
 + Level 1.3(0.8) Stealth


You had 6 spell levels left.
You didn't know any spells.

Dungeon Overview and Level Annotations

Branches:
Dungeon (4/15)
 Temple: D:4-7

Altars:
Elyvilon
Gozag
Kikubaaqudgha
Makhleb
Pakellas
Ru
Vehumet
Zin

Annotations:
D:4 georgeearnest's ghost, novice DrIE


Innate Abilities, Weirdness & Mutations

You reflexively headbutt those who attack you in melee.
You have a pair of horns on your head.


Message History

Enchant which weapon? (? for menu, Esc to quit)
Your +0 war axe glows red for a moment.
Georgeearnest's ghost hits you but does no damage.
Read which item? (? for menu, Esc to quit)
Blink to where?
Press: ? - help, Dir - move target cursor You are very lightly contaminated with residual magic.
As you read the scroll labeled KIROKE AZYIF, it crumbles to dust.
It was a scroll of blinking.
Found a beef jerky.
The orc wizard gestures at you while chanting.
You resist with some effort.
You see here a beef jerky.
The orc wizard gestures at you while chanting.
The magic dart hits you!
The orc wizard gestures at you while chanting.
You resist with some effort. The orc wizard casts a spell at you.
The magic dart hits you!
You die...

#.... #...# # #.. ########...# #
#.. #.....##...# # #..
#.....##...# # .. #.....##...####
# #'#########...............
#####.............o.W......######
.............<.>@.o%o......# ....
######.#######.....o.....#)# ....
##.#...# #.######.##.#.##....
.....#.# #.#... ..# %#.#....#
##...#.### ###.#.###### .#b#..#..
#.......# #.......# #.....(.
#.......###<....# ###..###
#.........W.....# #.....
##..........####.#. ##.####


You could see 3 orc wizards, georgeearnest's ghost and an orc.

Vanquished Creatures
  The ghost of namelastname112 the Sneak, an amateur DrAM (D:3)
  2 phantoms
  An orc priest (D:4)
  A centaur skeleton (D:4)
  A worker ant (D:4)
  3 gnolls (D:3)
  4 adders
  3 worms
  4 dart slugs
  2 giant geckos
  3 orcs (D:3)
  2 ball pythons
  4 giant cockroaches
  7 hobgoblins
  10 kobolds
  3 quokkas (D:3)
  11 bats
  3 giant newts
  6 goblins
  5 rats
76 creatures vanquished.

Vanquished Creatures (others)
  A wyvern (D:3)
  A giant gecko (D:3)
2 creatures vanquished.

Grand Total: 78 creatures vanquished

Notes
Turn   | Place    | Note
--------------------------------------------------------------
     0 | D:1      | georgeearnest the Minotaur Gladiator began the quest for the Orb.
     0 | D:1      | Reached XP level 1. HP: 18/18 MP: 0/0
   445 | D:1      | Reached XP level 2. HP: 20/25 MP: 1/1
   629 | D:1      | Reached skill level 1 in Armour
  1032 | D:2      | Reached skill level 4 in Dodging
  1057 | D:2      | Reached XP level 3. HP: 23/30 MP: 2/2
  1294 | D:2      | Found a burning altar of Makhleb.
  1297 | D:2      | Found a glowing silver altar of Zin.
  1300 | D:2      | Found an ancient bone altar of Kikubaaqudgha.
  1300 | D:2      | Found a radiant altar of Vehumet.
  1301 | D:2      | Found a sacrificial altar of Ru.
  1302 | D:2      | Found an opulent altar of Gozag.
  1340 | D:2      | Became a worshipper of Makhleb the Destroyer
  1567 | D:2      | Found a faded altar to an unknown god.
  1987 | D:3      | Reached XP level 4. HP: 37/37 MP: 3/3
  2196 | D:3      | Reached * piety under Makhleb
  2224 | D:3      | Reached skill level 1 in Stealth
  2283 | D:3      | Found an oddly glowing altar of Pakellas.
  2283 | D:3      | Noticed an orange crystal statue
  2287 | D:3      | Noticed a wyvern
  2318 | D:3      | Killed a wyvern
  2329 | D:3      | Noticed namelastname112's ghost (amateur DrAM)
  2353 | D:3      | Killed namelastname112's ghost
  2353 | D:3      | Reached skill level 5 in Dodging
  2353 | D:3      | Reached XP level 5. HP: 35/45 MP: 4/4
  2728 | D:3      | Reached XP level 6. HP: 46/51 MP: 5/5
  2761 | D:3      | Found a white marble altar of Elyvilon.
  2983 | D:4      | Noticed georgeearnest's ghost (novice DrIE)
  4048 | D:4      | Reached XP level 7. HP: 54/60 MP: 6/6
  4056 | D:4      | HP: 1/60 [georgeearnest's ghost/puff of frost (12)]
  4064 | D:4      | Killed from afar by an orc wizard

Skill      XL: |  1  2  3  4  5  6 |
---------------+-------------------+-----
Armour         | 1 2 3 |  3.9
Dodging        | 4 5 |  5.5
Stealth        | 1 |  1.3
Fighting       | 3 4 |  4.5
Axes           | 4 |  4.7
Throwing       | |  2.9

Action                   |  1- 3 |  4- 6 |  7- 9 || total
-------------------------+-------+-------+-------++-------
Melee: War axe           |    80 |   130 |     4 ||   214
       Headbutt          |    14 |    22 |       ||    36
Throw: Throwing net      |     2 |       |       ||     2
  Use: Scroll            |     1 |       |     4 ||     5
       Potion            |       |     5 |     2 ||     7
 Stab: Sleeping          |     2 |       |       ||     2
  Eat: Bread ration      |     1 |     2 |       ||     3
Armor: Leather armour    |    27 |     4 |       ||    31
       Plate armour      |       |    89 |     7 ||    96
       Scale mail        |       |    10 |       ||    10
Dodge: Dodged            |    88 |    79 |     3 ||   170
